 Dungeon Crawl Stone Soup version 0.30-b1-2-g02819fbbbe (webtiles) character file.

Game seed: 4217829519849442148

3043 LLlMATKO the Fighter (level 9, -7/81 HPs)
             Began as a Minotaur Berserker on June 8, 2023.
             Was an Elder of Trog.
             Mangled by a troll (8 damage)
             ... on level 8 of the Dungeon.
             The game lasted 00:05:56 (4734 turns).

LLlMATKO the Fighter (Minotaur Berserker)           Turns: 4734, Time: 00:05:56

Health: -7/81      AC: 21    Str: 23    XL:     9   Next: 56%
Magic:  8/8        EV: 11    Int:  4    God:    Trog [****..]
Gold:   454        SH:  5    Dex: 13    Spells: 8/8 levels left

rFire   . . .        b - +0 war axe
rCold   . . .        v - +0 buckler
rNeg    . . .        k - +0 chain mail
rPois   .            (helmet restricted)
rElec   .            q - +0 cloak
rCorr   .            A - +2 pair of gloves
SInv    .            s - +1 pair of boots
Will    .....        (no amulet) Stlth
                     u - +4 ring of protection
HPRegen 0.33/turn    (no ring)
MPRegen 0.11/turn

%: no passive effects
@: on berserk cooldown, slowed, very slow
A: horns 2, retaliatory headbutt
a: Renounce Religion, Berserk, Trog's Hand, Brothers in Arms


You were on level 8 of the Dungeon.
You worshipped Trog.
Trog was greatly pleased with you.
You visited 1 branch of the dungeon, and saw 8 of its levels.

You collected 454 gold pieces.

Inventory:

Hand Weapons
 b - a +0 war axe (weapon)
 J - a +2 morningstar of venom
Missiles
 x - 2 boomerangs (quivered)
 H - 2 throwing nets
Armour
 k - a +0 chain mail (worn)
 q - a +0 cloak (worn)
 s - a +1 pair of boots (worn)
 v - a +0 buckler (worn)
 A - a +2 pair of gloves (worn)
Jewellery
 i - a ring of fire
 u - a +4 ring of protection (left hand)
 y - a +4 ring of protection
Wands
 B - a wand of flame (19)
Scrolls
 c - 5 scrolls of fear
 g - 2 scrolls of vulnerability
 l - 10 scrolls of identify
 m - a scroll of teleportation
 r - 3 scrolls of magic mapping
 w - 2 scrolls of enchant weapon {unknown}
 z - 2 scrolls of blinking {unknown}
 D - a scroll of noise {unknown}
 E - a scroll of silence {unknown}
 G - a scroll of poison {unknown}
 K - 3 scrolls of torment {unknown}
Potions
 a - a potion of flight {unknown}
 d - 4 potions of curing
 e - 3 potions of brilliance {unknown}
 f - a potion of mutation {unknown}
 h - 2 potions of haste
 j - a potion of magic {unknown}
 n - a potion of might {unknown}
 o - a potion of ambrosia {unknown}
 p - 2 potions of lignification {unknown}
 t - a potion of invisibility {unknown}
 C - 2 potions of degeneration {unknown}
 F - 2 potions of heal wounds {unknown}
 I - a potion of cancellation {unknown}


   Skills:
 + Level 8.2 Fighting
 + Level 8.2 Axes
 + Level 7.6 Armour
 + Level 6.9 Dodging
 + Level 6.5 Shields


You had 8 spell levels left.
You didn't know any spells.
Your spell library was empty.

Dungeon Overview and Level Annotations

Branches:
Dungeon (8/15)             Temple (0/1) D:5
   Lair: D:8-11

Altars:
Makhleb


Innate Abilities, Weirdness & Mutations

You have a pair of horns on your head.
You reflexively headbutt those who attack you in melee.


Message History

You closely miss the troll. Your headbutt misses the troll.
The troll bites you but does no damage. The troll claws you.
* * * LOW HITPOINT WARNING * * *
The troll completely misses you. The troll bites you but does no damage.
The troll claws you but does no damage. You block the troll's attack.
You hit the troll.
The troll is lightly wounded.
You block the troll's attack. The troll closely misses you. x2
The troll misses you. You block the troll's attack.
The troll claws you but does no damage.
You closely miss the troll.
The troll is lightly wounded.
The troll bites you!
* * * LOW HITPOINT WARNING * * *
The troll claws you but does no damage. x2
You hit the troll but do no damage. You headbutt the troll!
The troll is moderately wounded.
The troll bites you but does no damage. The troll closely misses you.
You block the troll's attack. x2; The troll claws you.
* * * LOW HITPOINT WARNING * * *
The troll claws you but does no damage.
You barely miss the troll.
The troll is moderately wounded.
You block the troll's attack. The troll claws you but does no damage.
The troll barely misses you. The troll bites you but does no damage.
The troll claws you.
* * * LOW HITPOINT WARNING * * *
The troll claws you but does no damage.
You hit the troll.
The troll is moderately wounded.
You block the troll's attack. The troll misses you.
The troll claws you but does no damage. The troll bites you but does no damage.
The troll claws you but does no damage. x2
You closely miss the troll.
The troll is moderately wounded.
The troll barely misses you. The troll claws you but does no damage.
You block the troll's attack. The troll bites you.
* * * LOW HITPOINT WARNING * * *
The troll barely misses you. The troll claws you!
You die...

...# ... ..###
#....# ....#
###....#
##.T....#
.#####.!@....#
............##
........)...#
...........##
.........###
..........###
##.........#
#...#.....##
#...###.))..#


You could see a troll.

Vanquished Creatures
  A centaur warrior (D:8)
  A troll (D:8)
  2 steam dragons (D:6)
  A water moccasin (D:7)
  3 black bears
  An orc warrior (D:6)
  An ogre (D:6)
  2 phantoms
  A bullfrog (D:6)
  2 scorpions
  4 orc priests
  12 hounds
  2 jellies
  3 iguanas
  Crazy Yiuf (D:2)
  A sleepcap (D:6)
  6 orc wizards
  Robin (D:3)
  8 adders
  6 gnolls (D:5)
  A worm (D:3)
  2 dart slugs
  21 orcs
  4 bats
  5 endoplasms
  2 giant cockroaches
  12 goblins
  10 hobgoblins
  2 jackals (D:1)
  3 kobolds
  2 quokkas
  6 ball pythons
  2 frilled lizards
  4 rats
135 creatures vanquished.

Vanquished Creatures (others)
  A scorpion (D:6)
1 creature vanquished.

Grand Total: 136 creatures vanquished

Notes
Turn   | Place    | Note
-------+----------+-------------------------------------------
     0 | D:1      | LLlMATKO the Minotaur Berserker began the quest for the
                  | Orb.
     0 | D:1      | Reached XP level 1. HP: 19/19 MP: 0/0
   218 | D:1      | Reached XP level 2. HP: 27/27 MP: 1/1
   827 | D:2      | Reached ** piety under Trog
   828 | D:2      | Reached XP level 3. HP: 24/33 MP: 2/2
  1113 | D:2      | Found a runed translucent door.
  1114 | D:2      | Noticed Crazy Yiuf
  1344 | D:2      | Killed Crazy Yiuf
  1345 | D:2      | Reached XP level 4. HP: 41/41 MP: 3/3
  1735 | D:3      | Reached XP level 5. HP: 47/47 MP: 4/4
  1935 | D:3      | Identified the +2 helmet "Supomp" {+Inv rC- Dex+6}
  1935 | D:3      | Noticed Robin
  1942 | D:3      | Reached skill level 1 in Shields
  1952 | D:3      | Killed Robin
  2373 | D:4      | Reached skill level 5 in Fighting
  2373 | D:4      | Reached skill level 5 in Axes
  2532 | D:4      | Reached *** piety under Trog
  2541 | D:4      | Reached XP level 6. HP: 56/56 MP: 5/5
  2762 | D:4      | Found a burning altar of Makhleb.
  2909 | D:5      | Entered Level 5 of the Dungeon
  3127 | D:5      | Reached XP level 7. HP: 57/61 MP: 6/6
  3160 | D:5      | Reached skill level 5 in Armour
  3201 | D:5      | Found a staircase to the Ecumenical Temple.
  3707 | D:6      | Reached skill level 5 in Dodging
  3707 | D:6      | Reached XP level 8. HP: 71/71 MP: 7/7
  3739 | D:6      | Reached **** piety under Trog
  3905 | D:6      | Reached skill level 5 in Shields
  4351 | D:6      | Reached XP level 9. HP: 63/79 MP: 8/8
  4611 | D:7      | You fall into a shaft and drop 1 floor!
  4688 | D:8      | Noticed a centaur warrior
  4705 | D:8      | Killed a centaur warrior
  4712 | D:8      | Noticed a troll
  4717 | D:8      | Killed a troll
  4724 | D:8      | Noticed a troll
  4734 | D:8      | HP: 1/81 [troll (6)]
  4734 | D:8      | Mangled by a troll

Illustrated notes

Levels and vault maps discovered:
D:1:      dpeg_arrival_tiny_a, layout_basic, serial_bayou_crossing
D:2:      layout_rooms, eino_tiny_chamber, chequers_serial_rivers_room_b,
          uniq_crazy_yiuf_cottage
D:3:      layout_rooms, st_stairs_3, uniq_robin
D:4:      layout_loops_cross, nicolae_overflow_crystal_walls,
          chequers_serial_rivers_micro_b
D:5:      layout_basic, minmay_temple_entry_water_ring, minmay_misc_feat_rugged
D:6:      layout_rooms
D:7:      layout_rooms, enter_bailey_3, nicolae_ossuary_entry_plus,
          gammafunk_ghost_arena, uniq_duvessa
D:8:      minmay_bloctagon_deflated, layout_cave_pools,
          nicolae_figureground_pulse

Skill      XL: |  1  2  3  4  5  6  7  8  9 |
---------------+----------------------------+-----
Fighting       | 4 5 6 7 8 |  8.2
Axes           | 4 5 6 7 8 |  8.2
Armour         | 3 4 5 6 7 |  7.6
Dodging        | 3 4 5 6 |  6.9
Shields        | 1 2 3 5 6 |  6.5

Action                     |  1- 3 |  4- 6 |  7- 9 || total
---------------------------+-------+-------+-------++-------
  Melee: Hand axe          |    32 |       |       ||    32
         Punch             |     2 |     1 |       ||     3
         Headbutt          |     8 |    20 |    23 ||    51
         War axe           |    35 |   138 |   156 ||   329
 Invoke: Berserk           |     1 |     1 |     3 ||     5
    Use: Scroll            |       |       |     5 ||     5
 Armour: Animal skin       |     2 |       |       ||     2
         Chain mail        |    23 |    94 |   180 ||   297
  Dodge: Dodged            |    41 |    87 |   110 ||   238
  Block: Buckler           |       |    13 |    43 ||    56
